 Dungeon Crawl Stone Soup version 0.28.0-45-g0d030f2227 (webtiles) character file.

Game seed: 14066208197594252553

187 NinjaNoafa the Skirmisher (level 5, -1/47 HPs)
             Began as a Minotaur Berserker on Apr 15, 2022.
             Was a Believer of Trog.
             Killed from afar by an orc wizard (4 damage)
             ... with a magic dart
             ... on level 3 of the Dungeon.
             The game lasted 00:06:33 (3418 turns).

NinjaNoafa the Skirmisher (Minotaur Berserker)      Turns: 3418, Time: 00:06:34

Health: -1/47      AC:  5    Str: 23      XL:     5   Next: 39%
Magic:  4/4        EV: 11    Int:  4      God:    Trog [**....]
Gold:   164        SH:  0    Dex:  9 (10) Spells: 4/4 levels left

rFire   . . .      SeeInvis .   f - +2 whip (vamp)
rCold   . . .      Faith    .   (no shield)
rNeg    . . .      Spirit   .   j - +0 ring mail
rPois   .          Reflect  .   (helmet restricted)
rElec   .          Harm     .   (no cloak)
rCorr   .          Rampage  .   (no gloves)
Will    .....                   (no boots)
Stlth   ..........              (no amulet)
HPRegen 0.15/turn               (no ring)
MPRegen 0.09/turn               (no ring)

@: no status effects
A: horns 2, retaliatory headbutt
a: Renounce Religion, Berserk, Trog's Hand


You were on level 3 of the Dungeon.
You worshipped Trog.
Trog was pleased with you.
You visited 1 branch of the dungeon, and saw 3 of its levels.

You collected 164 gold pieces.

Inventory:

Hand Weapons
 a - a +0 mace of protection
 c - a +2 vorpal hunting sling
 f - a +2 vampiric whip (weapon)
 i - a +0 dagger of speed
Missiles
 d - 39 stones
 e - 2 atropa-tipped darts
 k - 2 javelins (quivered)
Armour
 b - a +0 animal skin
 h - a +0 leather armour
 j - a +0 ring mail (worn)


   Skills:
 + Level 4.7 Fighting
 - Level 1.5 Short Blades
 + Level 4.5 Maces & Flails
 * Level 0.3 Slings
 + Level 3.8 Armour
 + Level 3.6 Dodging


You had 4 spell levels left.
You didn't know any spells.
Your spell library was empty.

Dungeon Overview and Level Annotations

Branches:
Dungeon (3/15)

Altars:


Innate Abilities, Weirdness & Mutations

You have a pair of horns on your head.
You reflexively headbutt those who attack you in melee.


Message History

The magic dart hits you!
You hit something.
You feel better.
You hear some strange, mumbled words.
You are confused.
The orc barely misses you.
You hear some strange, mumbled words.
A magic dart appears from out of thin air!
The magic dart hits you.
You're too confused to move!
The orc closely misses you. Something hits you.
You're too confused to move!
The orc hits you with a +0 short sword. Something hits you.
You miss something. The orc closely misses you.
You closely miss something. Something hits you.
The orc hits you with a +0 short sword.
You barely miss something. Your headbutt misses something.
You feel less confused. Something hits you.
The orc hits you with a +0 short sword.
* * * LOW HITPOINT WARNING * * *
Something hits you.
* * * LOW HITPOINT WARNING * * *
The orc hits you with a +0 short sword.
* * * LOW HITPOINT WARNING * * *
You hear some strange, mumbled words.
Something tries to affect you, but you resist.
You aren't carrying any potions.
You aren't carrying any scrolls.
You barely miss the orc. The orc barely misses you. You furiously retaliate!
You headbutt the orc!
You kill the orc!
Trog accepts your kill. Something hits you.
* * * LOW HITPOINT WARNING * * *
Things that are here:
a +0 short sword; an orc corpse A magic dart appears from out of thin air!
The magic dart hits you.
* * * LOW HITPOINT WARNING * * *
A magic dart appears from out of thin air!
The magic dart hits you.
You die...

......(..P♣P!♣ #..
##....(...P♣_♣ #.#
..........P♣P.♣PP #.#
#..#..†...P♣.♣P. #.#
#........P...... #.#
#.##.#{##....... ##.# #
#.).......#.#..#
#.######.........#...
#...@..{.............
########.#####.#.#..#
#########'## #.#.†.
#..........# # #.##
#..........# #...
#..........# #.##
##..........# #.##
#>...#####+#########...
+....+.....##........##


There were no monsters in sight!

Vanquished Creatures
  Terence (D:2)
  An orc wizard (D:2)
  Robin (D:2)
  3 adders (D:2)
  An ufetubus (D:2)
  A worm (D:3)
  2 dart slugs
  11 orcs
  3 ball pythons
  A bat (D:2)
  6 endoplasms
  2 giant cockroaches
  8 hobgoblins
  6 quokkas
  A frilled lizard (D:1)
  15 goblins
  4 kobolds
  4 rats
71 creatures vanquished.

Vanquished Creatures (others)
  2 fungi
  3 toadstools (D:2)
5 creatures vanquished.

Grand Total: 76 creatures vanquished

Notes
Turn   | Place    | Note
-------+----------+-------------------------------------------
     0 | D:1      | NinjaNoafa the Minotaur Berserker began the quest for the
                  | Orb.
     0 | D:1      | Reached XP level 1. HP: 19/19 MP: 0/0
   309 | D:1      | Reached XP level 2. HP: 20/27 MP: 1/1
  1075 | D:1      | Reached XP level 3. HP: 30/33 MP: 2/2
  1269 | D:2      | Reached ** piety under Trog
  1533 | D:2      | Noticed Robin
  1539 | D:2      | Killed Robin
  1540 | D:2      | Reached XP level 4. HP: 27/41 MP: 3/3
  2633 | D:2      | HP: 1/41 [something/magic dart (9)]
  2640 | D:2      | Reached skill level 1 in Short Blades
  2640 | D:2      | Reached XP level 5. HP: 6/47 MP: 4/4
  2640 | D:2      | HP: 1/47 [orc/+0 flail (5)]
  2976 | D:2      | Noticed Terence
  2983 | D:2      | Killed Terence
  3387 | D:3      | Found a faded altar of an unknown god.
  3414 | D:3      | HP: 2/47 [something/magic dart (4)]
  3418 | D:3      | Killed from afar by an orc wizard

Illustrated notes

Levels and vault maps discovered:
D:1:      scummos_arrival_star, layout_rooms, feat_on_display
D:2:      minmay_skewed_foursquare, layout_loops_cross,
          minmay_gold_behind_fungi, uniq_terence, uniq_robin
D:3:      layout_basic, dreamdust_ecumenical_altar_grove

Skill      XL: |  1  2  3  4 |
---------------+-------------+-----
Fighting       | 4 |  4.7
Maces & Flails | 4 |  4.5
Armour         | 3 |  3.8
Dodging        | 3 |  3.6
Short Blades   | 1 |  1.5
Slings         | |  0.3

Action                   |  1- 3 |  4- 6 || total
-------------------------+-------+-------++-------
Melee: Mace              |    91 |    48 ||   139
       Headbutt          |     6 |    13 ||    19
       Dagger            |       |    35 ||    35
       Punch             |       |     2 ||     2
       Whip              |       |     6 ||     6
 Fire: Hunting sling     |       |    16 ||    16
Throw: Javelin           |       |     6 ||     6
  Use: Potion            |     4 |     3 ||     7
       Scroll            |       |     4 ||     4
 Stab: Invisible         |     1 |       ||     1
Armor: Animal skin       |    18 |     4 ||    22
       Skin              |    12 |       ||    12
       Ring mail         |       |    21 ||    21
Dodge: Dodged            |    69 |    37 ||   106
